 Dungeon Crawl Stone Soup version 0.18-a0-965-g9200175 (webtiles) character file.

244 dvd the Apprentice (level 5, 0/44 HPs)
             Began as a Deep Dwarf Artificer on Jan 1, 2016.
             Was an Initiate of Pakellas.
             Slain by a phantom (6 damage)
             ... on level 4 of the Dungeon.
             The game lasted 00:14:28 (3187 turns).

dvd the Apprentice (Deep Dwarf Artificer)           Turns: 3187, Time: 00:14:28

Health: 0/44       AC:  4    Str: 15    XL:     5   Next: 83%
Magic:  17/17      EV: 13    Int: 13    God:    Pakellas [......]
Gold:   226        SH:  0    Dex: 13    Spells: 0 memorised, 4 levels left

rFire  . . .     SeeInvis .     a - +0 short sword
rCold  . . .     Gourm    .     b - +0 leather armour
rNeg   . . .     Faith    .     (no shield)
rPois  .         Spirit   .     (no helmet)
rElec  .         Dismiss  .     (no cloak)
rCorr  .         Reflect  .     (no gloves)
SustAt .         Harm     +     s - +0 pair of boots
MR     .....                    p - amulet of harm
Stlth  ++........               (no ring)
                                e - ring of magical power

@: non-regenerating, not resistant to hostile enchantments, unstealthy
A: damage resistance, recharge devices, sense surroundings 1, slow regeneration
3
a: Device Recharging, Renounce Religion


You were on level 4 of the Dungeon.
You worshipped Pakellas.
Pakellas was noncommittal.
You were hungry.

You visited 2 branches of the dungeon, and saw 5 of its levels.

You collected 226 gold pieces.

Inventory:

Hand Weapons
 a - a +0 short sword (weapon)
Missiles
 q - a javelin (quivered)
Armour
 b - a +0 leather armour (worn)
 k - a +1 pair of boots
 s - a +0 pair of boots (worn)
 t - a +0 robe
Jewellery
 e - a ring of magical power (left hand)
 n - an uncursed ring of teleportation
 p - an amulet of harm (around neck)
Wands
 c - a wand of flame (0/48)
 d - a wand of enslavement (7/24)
 f - a wand of heal wounds (1/9)
Scrolls
 h - 2 scrolls of identify
 i - 2 scrolls of random uselessness {unknown}
 o - a scroll of remove curse
 r - 3 scrolls of teleportation
Potions
 j - 4 potions of curing
Comestibles
 g - 6 bread rations
 l - a meat ration
 m - a chunk of flesh


   Skills:
 + Level 1.4 Fighting
 + Level 1.5 Short Blades
 + Level 2.7 Armour
 + Level 3.6 Dodging
 + Level 2.6 Stealth
 + Level 5.9 Evocations


You had 4 spell levels left.
You didn't know any spells.

Dungeon Overview and Level Annotations

Branches:
Dungeon (4/15)             Temple (1/1) D:4

Altars:
Ashenzari
Dithmenos
Elyvilon
Fedhas
Makhleb
Nemelex Xobeh
Okawaru
Pakellas
Qazlal
Ru
Sif Muna
Trog
Vehumet
Xom
Yredelemnul


Innate Abilities, Weirdness & Mutations

You are resistant to damage.
You can recharge devices by infusing magical energy.
You passively map a small area around you.
You do not regenerate naturally.


Message History

You completely miss the phantom.
The phantom is heavily damaged.
The phantom closely misses you.
You hit the phantom but do no damage.
The phantom is heavily damaged.
The phantom blinks!
You see here a javelin.
You hit the phantom.
The phantom is heavily damaged.
The phantom hits you!
* * * LOW HITPOINT WARNING * * *
You closely miss the phantom.
The phantom is heavily damaged.
The phantom hits you.
* * * LOW HITPOINT WARNING * * *
The phantom closely misses you.
You hit the phantom but do no damage.
The phantom is heavily damaged.
The phantom hits you.
You die...

****** *,,,,* *,,,,*
*,,,,* *,,,,*
############ *,,,,*
#..........# #*,,,,*
#...(......# #**..**
#...(......# # *..*
#...@W.....# #*#.,*
##..........#
#*..,****###...........#
##.#,.#*...............#
.#.##.#..#######.#######
.#.#....#* #.# ......#**
#.# #..##.# ####.####
....#.## ##.......#


You could see a phantom.

Vanquished Creatures
  An orc wizard (D:4)
  A centaur skeleton (D:4)
  A worker ant (D:4)
  4 adders (D:3)
  An ooze (D:2)
  A worm (D:3)
  2 giant geckos
  4 giant cockroaches
  6 goblins
  5 hobgoblins
  3 quokkas
  7 bats
  12 giant newts
  A jackal skeleton (D:4)
  12 kobolds
  8 rats
69 creatures vanquished.

Vanquished Creatures (collateral kills)
  A worker ant (D:4)
  An orc priest (D:4)
  An adder (D:4)
  An orc (D:3)
  A quokka (D:4)
  2 goblins
  A rat (D:3)
8 creatures vanquished.

Vanquished Creatures (others)
  An adder (D:4)
  An orc (D:3)
  A fungus (D:2)
3 creatures vanquished.

Grand Total: 80 creatures vanquished

Notes
Turn   | Place    | Note
--------------------------------------------------------------
     0 | D:1      | dvd the Deep Dwarf Artificer began the quest for the Orb.
     0 | D:1      | Reached XP level 1. HP: 16/16 MP: 3/3
   172 | D:1      | Reached skill level 1 in Short Blades
   531 | D:1      | Reached XP level 2. HP: 21/24 MP: 5/5
   873 | D:1      | Reached skill level 5 in Evocations
  1070 | D:2      | Reached XP level 3. HP: 23/30 MP: 6/6
  1113 | D:2      | Found a shimmering altar of Xom.
  1169 | D:2      | Found a sacrificial altar of Ru.
  1455 | D:2      | Reached skill level 1 in Armour
  1465 | D:2      | Found a shadowy altar of Dithmenos.
  1692 | D:3      | Reached skill level 1 in Fighting
  1979 | D:3      | Reached XP level 4. HP: 19/38 MP: 8/8
  2497 | D:4      | Found a staircase to the Ecumenical Temple.
  2559 | D:4      | Reached XP level 5. HP: 2/44 MP: 9/9
  2600 | D:4      | HP: 2/44 [something/magic dart (6)]
  2765 | Temple   | Entered the Ecumenical Temple
  2777 | Temple   | Became a worshipper of Pakellas the Inventive
  3151 | D:4      | Noticed a phantom
  3187 | D:4      | Slain by a phantom

Vault maps used:
D:1:      dpeg_arrival_boxorama
D:2:      lemuel_doored_altar, nicolae_ru_the_path_less_chosen,
          lemuel_coloured_pillars_altar, minmay_lizard_king
D:3:      lemuel_upstairs_altar, first_bread
D:4:      minmay_temple_entry_glass
Temple:   triangle_lava_temple_12

Action                   |  1- 3 |  4- 6 || total
-------------------------+-------+-------++-------
Melee: Short sword       |   154 |   147 ||   301
Throw: Javelin           |       |     3 ||     3
 Abil: Device Recharging |       |     1 ||     1
Evoke: Wand              |    23 |    23 ||    46
  Use: Scroll            |     4 |     2 ||     6
       Potion            |       |     3 ||     3
 Stab: Sleeping          |     7 |     1 ||     8
       Paralysed         |     2 |       ||     2
       Confused          |     1 |       ||     1
  Eat: Chunk             |     3 |     4 ||     7
